AoeStats
← aggl1005

Marketplace

504660977Analyzed
1v1 RM · 27d ago on Sep 6, 2026· 22m 54s· 2 players
Game mode
Random Map
Map size
Tiny (2 player)
Population
200
Speed
Normal
Resources
Standard
Victory
Conquest
Starting age
Dark Age
Ending age
Imperial Age
RankedLock teamsTeams togetherTeam positionsShared explorationLock speedFull tech treeHidden civsTurbo modeCheats
Victory
Defeat
🇦🇷 Goths · Argentina
496
+18
🇦🇺 Jurchens · Australia
546
-18
alvarezrodolfo
0:44 Loom
11:38 Feudal Age
12:13 Double-Bit Axe
12:54 Man-at-Arms
20:14 Forging
20:05 Scale Mail Armor
21:05 Padded Archer Armor
20:55 Fletching
aggl1005
1:18 Loom
14:05 Feudal Age
16:15 Double-Bit Axe
16:18 Horse Collar
17:19 Wheelbarrow
Connection lost

Rejoining the realm…

Still unreachable

The connection could not be restored.

Session expired

The server has moved on; the page needs a fresh start.